[Event "Polish Youth B18 Championship 2023"]
[Site "Jastrzebia Gora"]
[Date "2023.03.16"]
[Round "6.2"]
[White "Ochedzan, Tymon"]
[Black "Chyzy, Jakub"]
[Result "1-0"]
[ECO "C11"]
[WhiteElo "2240"]
[BlackElo "2250"]
[Annotator "TA"]
[PlyCount "119"]
[EventDate "2023.03.11"]
[EventType "swiss"]
[EventCountry "POL"]
[SourceTitle "playchess.com"]
[Source "ChessBase"]
[SourceQuality "1"]
[TimeControl "40/5400+30:1800+30"]

1. e4 e6 2. d4 d5 3. Nc3 Nf6 4. e5 Nfd7 5. f4 c5 6. Nf3 Nc6 7. Be3 a6 8. Qd2 b5 9. a3 Qa5 {[%emt 0:00:07] outshines the older 9...Qb6. C11: French: Classical System: 4 e5 and 4 Bg5 dxe4.} 10. dxc5 Bxc5 11. Bxc5 Nxc5 {[%emt 0:00:06] The position is equal.} 12. Nd4 Nxd4 13. Qxd4 Na4 14. b4 Qb6 15. Qxb6 Nxb6 16. Bd3 {[%emt 0:02:23] [#]} f6 $146 ({Better is} 16... Bb7 $11) ({Predecessor:} 16... Bd7 17. Ne2 Ke7 18. Nd4 g6 19. Kf2 h5 20. g3 Rac8 21. h3 Na4 22. Ke3 Rh7 {½-½ Frolyanov,D (2569)-Potkin,V (2599) RUS-chT rapid 2015 (9.11)}) 17. O-O fxe5 18. fxe5 Bd7 19. Ne2 Ke7 20. Nd4 Raf8 21. Rxf8 Kxf8 22. Nb3 Ke7 23. Kf2 Nc4 24. Bxc4 dxc4 $11 {[%emt 0:00:08][%mdl 4096] Endgame KRB-KRN} 25. Nd4 Ra8 26. Rd1 a5 27. c3 axb4 28. axb4 Ra2+ 29. Ne2 Be8 30. h3 Bc6 31. Ke3 $1 Bxg2 (31... Be8 $14) 32. Rg1 $18 Bxh3 33. Rxg7+ Kf8 (33... Kd8 $16 {might work better.}) 34. Rxh7 Bf5 35. Rb7 (35. Rh1 $18) 35... Rc2 $1 $11 36. Rxb5 {[%emt 0:02:05] And now Rc5 would win.} Bg4 $1 37. Nd4 Rxc3+ 38. Kf4 Rd3 $1 39. Nc2 Bh3 40. Rc5 c3 41. b5 Bg2 {[%emt 0:09:09] [#]} 42. b6 ({White should try} 42. Ne1 $1 $16 Rd2 43. Rxc3) 42... Bh1 43. Kg5 {[%emt 0:04:28] aiming for Kf6.} Ke7 44. Rc7+ Kd8 45. Nb4 {[%emt 0:02:04][%mdl 64] Deflection} Rd2 (45... Rd4 $11 46. Nc6+ Bxc6 47. Rxc6 Rb4) 46. Rxc3 $18 Rb2 47. Rc4 Kd7 $2 (47... Bd5 48. Rh4 Bg2) 48. Rc7+ Kd8 49. Nc6+ Bxc6 50. Rxc6 {[%emt 0:00:03] KR-KR} Kd7 {[%emt 0:00:46] [#]} 51. Rd6+ $2 (51. Rc7+ $1 $18 Kd8 52. Rb7) 51... Ke7 $11 52. Kf4 Rb4+ 53. Ke3 {[%emt 0:00:30] Threatens to win with Kd3.} Rb3+ (53... Rb1 $11) 54. Kd4 $18 {[%emt 0:00:38] White is clearly winning.} Rb5 55. Kc4 Rb1 56. Kc5 Rb2 57. Rd4 Rc2+ 58. Rc4 Rb2 59. Kc6 Kd8 60. b7 {[%emt 0:00:33] Weighted Error Value: White=0.22 (precise) /Black=0.15 (very precise)} 1-0

[Event "Polish Youth B18 Championship 2023"]
[Site "Jastrzebia Gora"]
[Date "2023.03.16"]
[Round "6.3"]
[White "Kacprzak, Kacper"]
[Black "Biesiadecki, Adam"]
[Result "1/2-1/2"]
[ECO "B31"]
[WhiteElo "2248"]
[BlackElo "1761"]
[Annotator "TA"]
[PlyCount "61"]
[EventDate "2023.03.11"]
[EventType "swiss"]
[EventCountry "POL"]
[SourceTitle "playchess.com"]
[Source "ChessBase"]
[SourceQuality "1"]
[TimeControl "40/5400+30:1800+30"]

1. e4 c5 2. Nf3 Nc6 3. Bb5 g6 4. Bxc6 dxc6 5. d3 Bg7 6. Nc3 e5 7. Be3 b6 8. h3 Ne7 9. Qd2 {[%emt 0:07:22] B31: Sicilian: 2...Nc6 3 Bb5 g6.} h6 10. O-O-O Be6 11. Ng1 Qd7 {[%emt 0:06:06][%cal Oe7d5] [#]} (11... f5 $5 12. Qe2 f4 $15) 12. f4 $146 ({Predecessor:} 12. Nge2 f5 13. f4 exf4 14. Nxf4 Bf7 15. d4 c4 16. d5 fxe4 17. Bd4 O-O 18. Bxg7 Kxg7 19. Qd4+ Kh7 20. Nxe4 Ng8 21. h4 {1-0 Sax,G (2584)-Wahedi,A (2142) Neckar op-A 6th 2002 (1)}) 12... exf4 13. Bxf4 O-O-O 14. Nf3 g5 15. Bh2 Ng6 16. Kb1 f5 17. exf5 Bxf5 18. g4 Be6 19. Rhe1 Bd5 {[%emt 0:06:06] A strong pair of Bishops.} 20. Ne5 Nxe5 {[%emt 0:00:47] The position is equal.} 21. Bxe5 Bxe5 22. Rxe5 Rde8 23. Rde1 Rxe5 24. Rxe5 Re8 25. Re3 Kd8 26. Kc1 Rxe3 27. Qxe3 Qe7 28. Nxd5 cxd5 29. Kd2 Qf6 30. c3 Kd7 31. d4 {[%emt 0:00:36] Not much happened in this game.   Weighted Error Value: White=0.04 (flawless) /Black=0.04 (flawless)} 1/2-1/2

[Event "Polish Youth B18 Championship 2023"]
[Site "Jastrzebia Gora"]
[Date "2023.03.16"]
[Round "6.4"]
[White "Luberanski, Jakub"]
[Black "Kaliszuk, Kamil"]
[Result "1/2-1/2"]
[ECO "D53"]
[WhiteElo "2242"]
[BlackElo "2217"]
[Annotator "TA"]
[PlyCount "102"]
[EventDate "2023.03.11"]
[EventType "swiss"]
[EventCountry "POL"]
[SourceTitle "playchess.com"]
[Source "ChessBase"]
[SourceQuality "1"]
[TimeControl "40/5400+30:1800+30"]

1. d4 d5 2. c4 e6 3. Nc3 Nf6 4. Bg5 Be7 5. Nf3 O-O 6. Qc2 b6 7. cxd5 Nxd5 8. Bxe7 Qxe7 9. Nxd5 exd5 10. e3 (10. Rc1 $5 ) 10... Be6 {[%emt 0:05:52] D55: Queen's Gambit Declined: 4 Bg5 Be7: Lines without ...h6 and 6...h6 7 Bxf6.} 11. Bd3 h6 12. O-O c5 13. dxc5 bxc5 {[%emt 0:02:59] [#]} 14. e4 $146 ({Predecessor:} 14. Rac1 Nd7 15. Qa4 Rfb8 16. Qa3 Qf6 17. b3 a5 18. Qa4 Rb4 19. Qc6 Rab8 20. Qc7 R4b6 21. Rfd1 g6 22. Rd2 R8b7 23. Qc8+ {1-0 Kormann,W (2169)-Teuschler,H (2031) Steyr Landesliga 1213 2012 (6.5)}) 14... Nd7 (14... c4 $5 15. Be2 $8 Nc6 $11) 15. exd5 Bxd5 16. Rfe1 Qf6 17. Nd2 Qc6 18. Ne4 Ne5 (18... Rfe8 $11 19. Nc3 Bxg2) 19. Bf1 $1 $14 Qg6 20. Qc3 {[%emt 0:01:07] Dodges Nf3+} Rfe8 21. Ng3 Nd7 22. Bb5 (22. b3 {simplifies} Rxe1 23. Rxe1 Rc8 24. Qd2) 22... Bc6 23. Bd3 (23. Bxc6 {simplifies} Qxc6 24. Nf5 Qf6 25. Qxf6 Nxf6 26. Kf1) 23... Qg5 24. h4 Qxh4 25. Qxg7+ {[%emt 0:00:45][%mdl 64] Decoy} Kxg7 26. Nf5+ Kf6 27. Nxh4 Re5 28. Re2 Rxe2 (28... Rh5 {looks sharper.} 29. Be4 Re8 30. Bxc6 Rxe2 31. Bf3 Rhe5) 29. Rb1 {[%mdl 8192] [#]} (29. Bxe2 $11 Re8 30. Kf1) 29... Re1+ $2 30. Rxe1 $11 Ne5 31. Bf1 Bd5 32. b3 Rc8 33. Rd1 Be6 34. f4 Ng6 (34... Ng4 $11 {is superior.}) 35. Nxg6 $14 Kxg6 {[%emt 0:03:30][%mdl 4096] Endgame KRB-KRB} 36. Rc1 Kf6 37. Kf2 a5 38. Ke3 a4 39. bxa4 Bxa2 (39... h5 $14) 40. a5 $16 Ke6 41. Be2 (41. a6 $18) 41... Bd5 $14 42. g4 Kd6 43. Rb1 (43. a6 $16) 43... Re8+ $11 44. Kd2 c4 45. Bd1 Kc5 {[%emt 0:00:00] Wards off Rb5+} 46. Ra1 Kd4 47. Ra3 Rc8 48. Rc3 $2 {[%emt 0:00:00][%mdl 8192] [#]} (48. a6 $11) 48... Rc5 $2 (48... Rb8 $1 $19 {[%cal Rb8b2] And now ...Rb2+ would win.} 49. Ra3 Rb1) 49. Ra3 Rc8 50. Rc3 $2 {[%emt 0:00:00][%mdl 8192] [#]} (50. a6 $11 {and White has nothing to worry.}) 50... Kc5 $2 ({Black should play} 50... Rb8 $1 $19 {[%cal Rb8b2] Hoping for ...Rb2+.} 51. Rg3 Be4) 51. Ra3 Kd4 {[%emt 0:00:00] What a bad dream for Black. A fantastic game!   Weighted Error Value: White=0.43/Black=0.36} ({Better is} 51... Rd8 $11 52. Ke1 Ra8) 1/2-1/2

[Event "Polish Youth B18 Championship 2023"]
[Site "Jastrzebia Gora"]
[Date "2023.03.16"]
[Round "6.5"]
[White "Turski, Bartlomiej"]
[Black "Ciszewski, Krzysztof"]
[Result "0-1"]
[ECO "A05"]
[WhiteElo "2352"]
[BlackElo "2047"]
[Annotator "TA"]
[PlyCount "116"]
[EventDate "2023.03.11"]
[EventType "swiss"]
[EventCountry "POL"]
[SourceTitle "playchess.com"]
[Source "ChessBase"]
[SourceQuality "1"]
[TimeControl "40/5400+30:1800+30"]

1. Nf3 Nf6 2. c4 g6 3. Nc3 Bg7 4. e4 d6 5. d4 O-O 6. h3 e5 7. d5 a5 8. Be3 Na6 9. g4 Nc5 10. Nd2 c6 $1 {[%emt 0:03:48] 10...c6 scores better than 10...Ne8.} 11. Be2 cxd5 12. cxd5 Bd7 {[%emt 0:01:05] E92: King's Indian: Classical: 6 Be2 e5: 7 dxe5, 7 Be3 and Petrosian System without 7...Nbd7.} 13. g5 Ne8 14. h4 a4 {[%emt 0:07:33] White is slightly better.} 15. a3 Qa5 (15... f6 $11) 16. h5 b5 {[%emt 0:01:21] [#]} 17. hxg6 $146 ({Predecessor:} 17. Kf1 Nc7 18. Rh2 Rfc8 19. Kg2 Ne8 20. Qh1 Nb3 21. Nxb3 axb3 22. Rc1 b4 23. axb4 Qxb4 24. hxg6 hxg6 {1-0 Baron,T (2553)-Larrea,M (2279) Olympiad-42 Baku 2016 (2.4)}) 17... fxg6 18. Kf1 Rf7 19. Kg2 Rb8 20. Qc2 Qd8 21. f3 {[%emt 0:16:51] [#]} (21. Rh2 $11 {keeps the balance.}) 21... Rf4 $1 $17 22. Kf2 Qxg5 23. Rag1 Qe7 (23... Qf6 24. b4 axb3 25. Nxb3 $15) 24. b4 axb3 25. Nxb3 {[%emt 0:00:07] [#]} Nxb3 $1 26. Qxb3 {[%emt 0:00:11] [#]} (26. Bxf4 $2 Nd4 27. Bg5 Qxg5 28. Rxg5 Nxc2 $19) 26... Nc7 27. Na2 {[%emt 0:04:32] [#]} (27. a4 $1 $11 {remains equal.}) 27... Na6 $1 28. Nb4 {[%emt 0:00:50] [#]} Nxb4 (28... Nc5 $6 29. Bxc5 dxc5 30. d6+ (30. Nc6 Bxc6 31. dxc6+ Kh8 $17) 30... Qf7 31. Qxf7+ (31. Nd5 Be6 $17) 31... Rxf7 32. Na6 $11) 29. Bxf4 (29. axb4 $17 {might work better.} Rff8 30. Ra1) 29... exf4 $19 30. Qxb4 (30. axb4 $2 Bd4+ 31. Ke1 Bxg1 32. Rxg1 Qf6 $19) 30... Rc8 {[%emt 0:00:37] aiming for ...Bc3.} 31. Bd3 $2 (31. Bxb5 Bxb5 32. Qxb5 Bd4+ 33. Kf1 Bxg1 34. Rxg1 Rc1+ 35. Ke2 Rxg1 $19) (31. Qd2 $17 {only move.}) 31... Bc3 32. Qb3 (32. Qb1 Ra8 33. Bxb5 Bxb5 34. Qxb5 Bd4+ 35. Kf1) 32... Bd4+ {[%emt 0:00:15] This pair of bishops is nice.} 33. Ke2 {[%emt 0:00:40] White is weak on the dark squares} Bxg1 (33... Rc3 34. Qb4 Bxg1 35. Qxc3 $17) 34. Rxg1 Qh4 35. Rf1 Qh2+ 36. Kd1 (36. Rf2 $142 Qg1 37. Qd1 Qxd1+ 38. Kxd1) 36... Bh3 37. Re1 Qf2 38. e5 Qd4 {[%emt 0:02:00] ( -> ...Bf5)} 39. Kd2 dxe5 (39... Bf5 $142 40. Re2 dxe5 41. d6+ Kg7 42. d7 Rc5 43. a4 bxa4 44. Qa3 Bxd3 45. d8=Q Rc2+ 46. Kd1 Bxe2+ 47. Kxc2 Qxd8 48. Qc5 Qd3+ 49. Kc1 Qd1+ 50. Kb2 Qd4+ 51. Qxd4 exd4 52. Kc2 d3+ 53. Kd2 a3 54. Kc3 a2 55. Kb2 d2 56. Kxa2 d1=Q 57. Kb2 Qd2+ 58. Kb3 Ba6 59. Ka3 Bc4 60. Ka4 Qb2 61. Ka5 Qb5#) 40. Re4 Qa1 {[%emt 0:00:00] White must now prevent ...Qc1+.} 41. Re1 {[%emt 0:05:41] Prevents Qc1+} Qd4 {[%emt 0:01:26] ...Bf5 would be deadly.} 42. Re4 $1 {[%emt 0:04:36] Black keeps a firm grip on the game.} Qf2+ 43. Re2 Qc5 44. d6+ Kf8 (44... Kg7 $142 45. Re1 Qxd6) 45. Qb2 {[%emt 0:01:54] Against Qc1+} Qxd6 (45... Bf1 46. d7 Bxe2 47. dxc8=Q+ Qxc8 48. Qxe5 $18 (48. Bxe2 Qd8+ 49. Bd3 Qd5 $16) (48. Kxe2 Qc5 $18)) 46. Qxe5 Qxe5 (46... Qxa3 {gets mated.} 47. Qh8+ (47. Bxb5 {is a self mate.} Qc1+ 48. Kd3 Bf5+) 47... Kf7 48. Qxh7+ Kf8 49. Qh6+ Kg8 50. Qxg6+ (50. Qxh3 $2 Qc1#) 50... Kf8 51. Qh6+ (51. Bxb5 $2 Qc3+ 52. Kd1 Qc1#) 51... Kg8 52. Bh7+ (52. Qxh3 $2 Qc1#) 52... Kh8 53. Bg6+ (53. Qxh3 $2 Qc3+ 54. Kd1 Qc1#) 53... Kg8 54. Qh7+ Kf8 55. Qh8#) 47. Rxe5 {[%emt 0:00:01][%mdl 4096] Endgame KRB-KRB} Ra8 48. Re4 $2 (48. Rxb5 Rxa3 49. Rb8+ Kg7 50. Rb7+ Kh6 51. Rf7) 48... Rd8 (48... Rxa3 $2 {too greedy.} 49. Rxf4+ Kg7 50. Rd4 $19) 49. Kc2 Bf5 {[%emt 0:00:48] And now ...Rxd3 would win.} 50. Rxf4 Rxd3 51. Rxf5+ gxf5 {[%emt 0:00:01] Black mates.} 52. Kxd3 {[%emt 0:00:01] K3P-KPP} Ke7 53. Ke3 Ke6 54. Kf4 h6 55. Kg3 Ke5 56. Kg2 Kf4 57. Kf2 h5 58. Kg2 h4 {[%emt 0:00:04] An exciting game.   Weighted Error Value: White=0.95/Black=0.81} 0-1

[Event "Polish Youth B18 Championship 2023"]
[Site "Jastrzebia Gora"]
[Date "2023.03.16"]
[Round "6.6"]
[White "Kolodziejski, Piotr"]
[Black "Karolczuk, Iwo"]
[Result "0-1"]
[ECO "B90"]
[WhiteElo "2118"]
[BlackElo "2346"]
[Annotator "TA"]
[PlyCount "90"]
[EventDate "2023.03.11"]
[EventType "swiss"]
[EventCountry "POL"]
[SourceTitle "playchess.com"]
[Source "ChessBase"]
[SourceQuality "1"]
[TimeControl "40/5400+30:1800+30"]

1. e4 c5 2. Nf3 d6 3. d4 cxd4 4. Nxd4 Nf6 5. Nc3 a6 6. Bc4 e6 7. Bb3 Nbd7 8. Bg5 Nc5 {[%emt 0:01:25] 8...Qa5 is vanishing.} 9. f3 {[%emt 0:09:58] B86: Sicilian Scheveningen/Najdorf: 6 Bc4, without early ...b5.} Be7 10. h4 Qc7 11. Qd2 {[%emt 0:10:46] Black has an edge.} b5 {[%emt 0:09:46][%cal Bb7b5,Bb5b4][%mdl 32] [#]} 12. a4 $146 ({Predecessor:} 12. O-O-O b4 13. Na4 Bd7 14. Qxb4 Rb8 15. Qc3 O-O 16. Nxc5 dxc5 17. e5 Nd5 18. Bxd5 Bxg5+ 19. hxg5 exd5 {½-½ Inoue,T-Nanjo,R (2324) JPN-ch 52nd Tokyo 2019 (1)}) 12... b4 13. Nd1 O-O 14. O-O h6 15. Be3 {[%emt 0:01:00] [#]} e5 $1 16. Ne2 (16. Nf5 $17 Bxf5 17. exf5) 16... Nxb3 $19 17. cxb3 a5 ({Black should try} 17... d5 $19 18. exd5 Rd8) 18. Rc1 Qb7 19. Bf2 Be6 20. Qd3 (20. Ne3 $17) 20... Nd7 21. f4 {[%emt 0:06:07] Threatens to win with f5.} exf4 22. Nxf4 Ne5 23. Qe3 Ng4 24. Qd3 Nxf2 25. Rxf2 Bxh4 26. g3 Bg5 {[%emt 0:04:54] A strong pair of Bishops.} 27. Ne3 Rfe8 28. Rcf1 Bxf4 29. Rxf4 Qb6 30. Kh2 Rac8 31. Nf5 Rc5 32. Qxd6 $2 (32. R1f2) 32... Rc2+ 33. Kh1 Qxd6 34. Nxd6 Rd8 35. Nc4 Bxc4 36. bxc4 {[%emt 0:00:05][%mdl 4096] Endgame KRR-KRR} Rdd2 {[%emt 0:00:11] Wards off R1f2. ( -> ...Rh2+)} ({Worse is} 36... Rxc4 37. Rxf7 Rxe4 38. R7f4 $17) 37. R1f3 {[%emt 0:02:32] [#]} (37. Rb1 $19 Rxb2 38. Rxb2 Rxb2 39. Rf5) 37... Rh2+ 38. Kg1 Rcg2+ 39. Kf1 Rxb2 40. Kg1 Rbg2+ 41. Kf1 Rc2 42. Kg1 Rhd2 (42... Rhg2+ $142 43. Kh1 Rge2) 43. Rxf7 Rd1+ {[%emt 0:00:43] Black mates.} 44. Rf1 Rxf1+ 45. Rxf1 b3 {[%emt 0:02:10] Weighted Error Value: White=0.65/Black=0.26 (precise)} 0-1

[Event "Polish Youth B18 Championship 2023"]
[Site "Jastrzebia Gora"]
[Date "2023.03.16"]
[Round "6.7"]
[White "Wojdak, Jan"]
[Black "Zdybel, Przemyslaw"]
[Result "1-0"]
[ECO "C77"]
[WhiteElo "2097"]
[BlackElo "2268"]
[Annotator "TA"]
[PlyCount "67"]
[EventDate "2023.03.11"]
[EventType "swiss"]
[EventCountry "POL"]
[SourceTitle "playchess.com"]
[Source "ChessBase"]
[SourceQuality "1"]
[TimeControl "40/5400+30:1800+30"]

1. e4 e5 2. Nf3 Nc6 3. Bb5 a6 4. Ba4 Nf6 5. Nc3 b5 6. Bb3 Be7 7. d3 d6 8. a3 {[%emt 0:00:05] C77: Ruy Lopez: 3...a6 4 Ba4 Nf6, unusual lines.} O-O 9. h3 Na5 10. Ba2 {[%emt 0:00:06] The position is equal.} c5 11. Nd5 Nxd5 12. Bxd5 {[%emt 0:01:29] [#]} Bb7 $146 ({Predecessor:} 12... Rb8 13. b4 Nb7 14. O-O Qc7 15. Bg5 Nd8 16. Be3 Ne6 17. Rc1 Bd7 18. c4 Rbd8 {0-1 Fernandez Martin,M-Burriel Lahos,I ESP-ch Seniors 2004 (6)}) 13. c4 Bxd5 (13... bxc4 $5 14. Bxb7 Nxb7 $15) 14. cxd5 f5 15. O-O Rc8 (15... fxe4 $142 16. dxe4 c4) 16. Bd2 (16. exf5 {is superior.} c4 17. dxc4) 16... Nb7 17. a4 c4 ({Better is} 17... b4 $11) 18. axb5 (18. exf5 {keeps more tension.} Qd7 19. axb5 Qxb5 20. Bg5) 18... axb5 {[%emt 0:00:15] [#]} (18... fxe4 $1 $14 19. dxe4 (19. bxa6 exf3 20. axb7 Rb8 $11) 19... axb5) 19. exf5 $1 $16 Rxf5 20. dxc4 bxc4 21. Be3 Nc5 {[%emt 0:01:23] Repels Qa4} 22. Nd2 Nd7 (22... Bg5 $16 {was necessary.}) 23. Qg4 g6 24. Ne4 {[%emt 0:01:31] White is more active.} ({Don't take} 24. Nxc4 Nf6 25. Qe2 (25. Bb6 Qd7 $15) 25... Nxd5 $14) 24... Nf8 $2 {[%emt 0:04:51] A mistake that costs the game.} (24... Nf6 $16 25. Nxf6+ Bxf6) 25. Rfc1 $18 Ra8 26. Ng3 Rf7 27. Qxc4 Rxa1 28. Rxa1 Bg5 29. Bxg5 Qxg5 30. Ne4 {[%emt 0:01:08][%csl LRd6,LRg5] Inhibits Qd2.} Qf4 31. Qe2 ({Weaker is} 31. Nxd6 Qxf2+ 32. Kh2 (32. Kh1 Qxb2 33. Rf1 Rf2 $14) 32... Qf4+ 33. Qxf4 Rxf4 $18) 31... Rc7 32. Nxd6 {[%emt 0:02:15] White is clearly winning.} Rc1+ 33. Rxc1 {[%emt 0:00:04][%mdl 64] [#] Overworked Piece} Qxc1+ 34. Kh2 {[%emt 0:00:51] Weighted Error Value: White=0.18 (very precise) /Black=0.41} 1-0

[Event "Polish Youth B18 Championship 2023"]
[Site "Jastrzebia Gora"]
[Date "2023.03.16"]
[Round "6.8"]
[White "Krasniewski, Szymon"]
[Black "Kacprzak, Karol"]
[Result "0-1"]
[ECO "A04"]
[WhiteElo "1771"]
[BlackElo "2221"]
[Annotator "TA"]
[PlyCount "172"]
[EventDate "2023.03.11"]
[EventType "swiss"]
[EventCountry "POL"]
[SourceTitle "playchess.com"]
[Source "ChessBase"]
[SourceQuality "1"]
[TimeControl "40/5400+30:1800+30"]

1. Nf3 c5 2. g3 Nc6 3. Bg2 d5 4. O-O e5 5. d3 Be7 6. Nbd2 Be6 {[%emt 0:00:38] A08: King's Indian Attack.} 7. e4 d4 8. Ne1 g5 {[%emt 0:05:48] Black is slightly better.} 9. f4 gxf4 10. gxf4 exf4 11. Ndf3 (11. Nc4 $15) 11... Qc7 12. e5 Nh6 (12... Nxe5 13. Nxe5 Qxe5 14. Bxf4 $16) 13. Bxf4 Nf5 14. Qe2 Rg8 (14... O-O-O $19 15. Bh3 Rdg8+ 16. Kh1 Qd7) 15. Kh1 $17 O-O-O {[%emt 0:03:28] Black is much more active.} 16. c4 {[%emt 0:03:18] [#]} Rg6 $146 ({Predecessor:} 16... Rg4 17. Nd2 Ne3 18. Bxe3 dxe3 19. Qxe3 Bg5 20. Qf2 Bxd2 21. Qxd2 Nxe5 22. Qe2 Rdg8 {0-1 Movsesian,M (2200)-Nun,J (2340) CZE-chT2a 0001 2000 (3)}) 17. Nc2 Rdg8 18. Rg1 Qd7 19. b4 cxb4 $19 ({Inferior is} 19... Nxb4 20. Nxb4 cxb4 21. Nd2 $15) 20. a3 (20. Nd2 $142) 20... bxa3 21. Nxa3 Bf8 22. Nb5 (22. Nc2 $17 {was worth a try.}) 22... a6 23. Nd2 $2 (23. Nd6+ {keeps fighting.} Nxd6 24. exd6 Bxd6 25. Bxd6 Qxd6 26. Rab1) 23... Bh6 24. Qf2 (24. Nd6+ Nxd6 25. Bxh6 Rxh6 26. exd6) 24... Bxf4 25. Qxf4 Rg4 26. Qf2 Nxe5 27. Ne4 Qe7 {[%emt 0:03:10] Repels Nf6} 28. Nxd4 Nxd3 29. Qd2 Nxd4 30. Qxd3 Rd8 (30... Rh4 $142 31. Nf2 (31. Qxd4 $2 {gets mated.} Rxh2+ {[%mdl 64] Decoy, Clearance} 32. Kxh2 Qh4+) 31... Qc7) 31. c5 Bf5 (31... Nb3 $19 32. Nd6+ {[%mdl 64] Discovered Attack} Kb8) 32. Nd6+ $17 {[%emt 0:05:15] [#]} Qxd6 $3 33. Qxf5+ Nxf5 34. cxd6 Kb8 35. Rgb1 Nxd6 {[%emt 0:00:34] Hoping for ...Ka7.} 36. Rxa6 Rd4 37. Rxd6 (37. Ra5 $17 {was necessary.}) 37... R8xd6 $19 38. Rxb7+ $17 {[%emt 0:00:05][%mdl 4096] Endgame KRR-KRB} Kc8 {[%emt 0:00:05] ( -> ...Rd1+)} 39. Rxf7 Rd1+ 40. Bf1 Rd7 41. Rf6 Rg7 42. h3 Rd2 {[%emt 0:02:28] Repels Rf2} 43. Rf5 (43. Re6 $142) 43... Kd7 $19 44. Rf6 Ke7 45. Rf4 Rg6 46. Rf3 Rdd6 {[%emt 0:01:18] ...Rgf6 would be deadly.} 47. Ra3 $2 (47. Bd3 Rg7 48. Kh2) 47... Rgf6 $2 (47... Rd1 48. Rf3 h5) 48. Ra1 Rd2 49. Re1+ Kf8 50. Ra1 Rfd6 {[%emt 0:01:04] And now ...Rd1 would win.} 51. Ra3 $2 (51. Ra8+ Kg7 52. Ra7+ Kh6 53. Rf7) 51... Rd1 52. Rf3+ Kg7 53. Kh2 Rf6 (53... R1d2+ $142 54. Kg3 Rg6+ 55. Kf4 Rf6+ 56. Kg3 Rxf3+ 57. Kxf3 Kg6) 54. Rg3+ Kh6 55. Bg2 Rd2 56. h4 Rg6 57. Kh3 Rxg3+ 58. Kxg3 {[%emt 0:00:06] KR-KB} Rd3+ 59. Bf3 $2 {[%emt 0:00:05] [#]} (59. Kg4 $19) 59... Kg6 60. Kf4 Kf6 $2 (60... Rd4+ {mates} 61. Kg3 Kf5 62. Be2 h6 63. Bb5 Rg4+ 64. Kh3 Rg1 65. Kh2 Ra1 66. h5 Kg5 67. Kg2 Ra2+ 68. Kh3 Ra3+ 69. Kg2 Kxh5 70. Bd7 Rd3 71. Bf5 Rd2+ 72. Kh3 Kg5 73. Be6 Rd6 74. Bc8 Rd8 75. Be6 Rd3+ 76. Kh2 Kh4 77. Kg2 Rg3+ 78. Kf2 Rc3 79. Kg2 Kg5 80. Bd5 Kg4 81. Be6+ Kh4 82. Bf5 Rg3+ 83. Kf2 Ra3 84. Bd7 Kg5 85. Kg2 Rd3 86. Bh3 Kh4 87. Bc8 Rc3 88. Bd7 Rg3+ 89. Kf2 Rg7 90. Be6 Re7 91. Bc8 Rc7 92. Be6 Rc3 93. Bf5 Kg5 94. Bd7 Rc7 95. Be6 Kf4 96. Kg2 Rc6 97. Bd7 Rc3 98. Kh2 Rc7 99. Be6 Re7 100. Bc8 Re8 101. Bd7 Rd8 102. Be6 Rd2+ 103. Kh3 Rd3+ 104. Kh4 Rd1 105. Kh3 Rh1+ 106. Kg2 Re1 107. Bd5 Re5 108. Bc6 Re3 109. Kh2 Rd3 110. Bb7 Rc3 111. Bd5 Kf5 112. Kg2 Kg4 113. Be6+ Kg5 114. Bh3 Kf4 115. Be6 Rd3 116. Kh2 Rg3 117. Bh3 Rg7 118. Be6 Rg6 119. Bd7 Rg3) 61. Be4 Rd7 62. Bf3 $2 (62. h5 $19) 62... Rd4+ {[%emt 0:00:26] Black mates.} 63. Kg3 Kf5 64. Bb7 Rd3+ 65. Bf3 Rc3 66. Kg2 Kf4 67. Be2 Rc2 68. Kf2 Rb2 69. h5 h6 70. Kf1 Ke3 71. Bc4 Rc2 72. Bb5 Kf3 73. Ke1 Rc5 74. Ba6 Ke3 ({Weaker is} 74... Rxh5 75. Be2+ Kg3 76. Bxh5 $11) 75. Kf1 Rxh5 76. Kg2 Kf4 77. Bb7 Rb5 78. Ba8 Kg4 79. Bf3+ Kh4 80. Be4 Rb4 81. Bc6 Rb3 82. Bd5 Rd3 83. Bc6 Kg4 84. Bb7 Rd2+ 85. Kf1 Kg3 86. Ke1 Rb2 {[%emt 0:00:07] Weighted Error Value: White=0.87/Black=0.53} 0-1